 Dungeon Crawl Stone Soup version 0.31-a0-1178-gc5c9b8f871 (webtiles) character file.

Game seed: 7976912697584772278

289 L4yla the Conjurer (level 6, -1/32 HPs)
             Began as a Deep Elf Conjurer on Dec 11, 2023.
             Slain by Grinder (5 damage)
             ... on level 4 of the Dungeon.
             The game lasted 00:03:48 (3209 turns).

L4yla the Conjurer (Deep Elf Conjurer)              Turns: 3209, Time: 00:03:50

Health: -1/32      AC:  2    Str:  4    XL:     6   Next: 9%
Magic:  8/16       EV: 12    Int: 25    God:
Gold:   154        SH:  0    Dex: 13    Spells: 13/16 levels left

rFire   . . .        (no weapon)
rCold   . . .        (no shield)
rNeg    . . .        a - +0 robe
rPois   .            (no helmet)
rElec   .            j - scarf {shadows}
rCorr   .            (no gloves)
SInv    .            (no boots)
Will    .....        d - amulet of regeneration
Stlth   ++           (no ring)
HPRegen 1.05/turn    (no ring)
MPRegen 0.15/turn

%: no passive effects
@: no status effects
A: no striking features
a: no special abilities


You were on level 4 of the Dungeon.
You visited 1 branch of the dungeon, and saw 4 of its levels.

You collected 154 gold pieces.


   Skills:
 - Level 2.4 Dodging
 - Level 2.4 Stealth
 + Level 5.5 Spellcasting
 * Level 7.1 Conjurations


You had 13 spell levels left.
You knew the following spells:

 Your Spells              Type           Power      Damage    Failure   Level
m - Magic Dart            Conj           100%       1d8       1%          1
s - Searing Ray           Conj           84%        2d7       1%          2

Your spell library contained the following spells:

 Spells                   Type           Power      Damage    Failure   Level
 Dazzling Flash           Conj/Hex       48%        N/A       5%          3
 Ensorcelled Hibernation  Hex/Ice        12%        N/A       12%         2
 Passwall                 Tmut/Erth      5%         N/A       12%         2
 Fulminant Prism          Conj/Hex       12%        3d8       19%         4
 Iskenderun's Mystic Bla  Conj/Tloc      24%        2d7       19%         4
 Swiftness                Air            6%         N/A       24%         3

Inventory:

Missiles
 i - 2 throwing nets {=f}
Armour
 a - a +0 robe (worn)
 j - a scarf of shadows (worn)
Jewellery
 d - an amulet of regeneration (around neck)
 S - a +6 ring of strength
Scrolls
 c - a scroll of revelation {unknown}
 e - 2 scrolls of identify {unknown}
 f - 2 scrolls of teleportation {unknown}
 m - a scroll of enchant weapon {unknown}
Potions
 b - a potion of magic
 g - a potion of curing {unknown}
 h - a potion of mutation {unknown}
 k - a potion of haste {unknown}
 l - a potion of enlightenment {unknown}
 n - a potion of heal wounds {unknown}

Dungeon Overview and Level Annotations

Branches:
Dungeon (4/15)
 Temple: D:4-7

Altars:

Shops:
D:1 (   D:3 (

Annotations:
D:4 Grinder

#########
#.@5.....
#.######.
#.######.#
......<#.#
.........######.
................
################


You could see Grinder.


Message History

Grinder is severely wounded.
You finish channelling your searing ray.
Grinder sighs, "No one appreciates my work."
Grinder hits you!
You writhe in agony.
* * * LOW HITPOINT WARNING * * *
Grinder hits you!
* * * LOW HITPOINT WARNING * * *
You writhe in agony.
* * * LOW HITPOINT WARNING * * *
Casting: Searing Ray (safe; 1% risk of failure)
Confirm with . or Enter, or press ? or * to list all spells.
Aiming: Searing Ray (safe; 1% risk of failure)
Press: ? - help, Shift-Dir - straight line, f/p - Grinder
Aim: Grinder (severely wounded, 80% to hit)
The searing ray hits Grinder.
Grinder is severely wounded. (Press . to maintain the ray.) Grinder gestures at you.
You resist with some effort.
The searing ray hits Grinder!
Grinder is almost dead.
Grinder gestures at you. You resist with some effort.
The searing ray hits Grinder.
Grinder is almost dead.
Grinder hits you.
* * * LOW HITPOINT WARNING * * *
You writhe in agony.
You die...
Grinder says, "Hey, I wasn't done torturing you yet!"

Skill      XL: |  1  2  3  4  5 |
---------------+----------------+-----
Conjurations   | 5 6 7 |  7.1
Spellcasting   | 4 5 |  5.5
Dodging        | |  2.4
Stealth        | |  2.4

Action                     |  1- 3 |  4- 6 || total
---------------------------+-------+-------++-------
   Cast: Magic Dart        |    66 |    45 ||   111
         Searing Ray       |     1 |     3 ||     4
 Armour: Robe              |    16 |     6 ||    22
  Dodge: Dodged            |    18 |       ||    18

Levels and vault maps discovered:
D:1:      amcnicky_arrival_flooded_fountain, layout_basic, serial_shops,
          nicolae_shop_pleasant_corner_grove
D:2:      layout_loops_ring, chequers_ecumenical_altar_simple
D:3:      layout_basic, serial_forest, infiniplex_forest_clump_diagonal,
          infiniplex_forest_end_1, infiniplex_forest_end_1,
          infiniplex_forest_lined_3, infiniplex_forest_straight_4,
          infiniplex_forest_clump_diagonal, infiniplex_forest_corner_2,
          serial_shops, shop_statue, uniq_jessica
D:4:      layout_basic, ebering_ghost_gozag, uniq_edmund, uniq_grinder,
          uniq_crazy_yiuf_cottage, uniq_sigmund

Notes
Turn   | Place    | Note
-------+----------+-------------------------------------------
     0 | D:1      | L4yla the Deep Elf Conjurer began the quest for the Orb.
     0 | D:1      | Reached XP level 1. HP: 10/10 MP: 6/6
   325 | D:1      | Reached XP level 2. HP: 15/15 MP: 4/8
   901 | D:1      | Reached skill level 5 in Conjurations
  1001 | D:1      | Found Uhusimub's Antique Weapon Boutique.
  1160 | D:1      | Reached XP level 3. HP: 13/19 MP: 5/10
  1163 | D:1      | Learned a level 2 spell: Searing Ray
  1322 | D:2      | Reached skill level 4 in Spellcasting
  1496 | D:2      | Found a faded altar of an unknown god.
  1634 | D:2      | Reached XP level 4. HP: 24/24 MP: 9/12
  2316 | D:3      | Found Xizilaxe's Weapon Emporium.
  2359 | D:3      | Reached skill level 6 in Conjurations
  2454 | D:3      | Reached XP level 5. HP: 28/28 MP: 10/14
  2703 | D:3      | Noticed Jessica
  2706 | D:3      | Killed Jessica
  2707 | D:3      | Reached skill level 5 in Spellcasting
  2808 | D:3      | Noticed a black bear
  2814 | D:3      | Killed a black bear
  2815 | D:3      | Reached skill level 7 in Conjurations
  2815 | D:3      | Reached XP level 6. HP: 32/32 MP: 9/16
  3201 | D:4      | Noticed Grinder
  3206 | D:4      | HP: 3/32 [Grinder (3)]
  3209 | D:4      | Slain by Grinder

Vanquished Creatures
  A black bear (D:3)
  2 orc priests (D:3)
  Jessica (D:3)
  7 adders
  A dart slug (D:1)
  3 orcs (D:3)
  3 bats
  6 endoplasms
  A giant cockroach (D:3)
  2 goblins
  5 hobgoblins
  A quokka (D:2)
  5 ball pythons
  4 frilled lizards (D:1)
  3 kobolds
  5 rats
50 creatures vanquished.

Table legend: (Time is in decaauts)
 A = Elapsed time spent in this place.
 B = Non-inter-level travel time spent in this place.
 C = Inter-level travel time spent in this place.
 D = Time resting spent in this place.
 E = Time spent auto-exploring this place.
 F = Levels seen in this place.
 G = Mean time per level.
                   A        B        C        D        E       F      G
               +--------+--------+--------+--------+--------+-----+--------+
         Total |   3209 |   3102 |    107 |     73 |   2716 |   4 |  802.2 |
       Dungeon |   3209 |   3102 |    107 |     73 |   2716 |   4 |  802.2 |
               +--------+--------+--------+--------+--------+-----+--------+

Top non-repeatable levels by time:
     D:1: 1198 daAuts
     D:3: 1171 daAuts
     D:2: 821 daAuts
     D:4: 17 daAuts

Table legend:
 A = Non-vault XP
 B = Vault XP
 C = Vault XP percentage of total XP
 D = Non-vault monster count
 E = Vault monster count
 F = Vault count percentage of total count
                 A         B        C        D         E       F
            +---------+---------+-------+---------+---------+-------
      Total |     376 |      37 |   9.0 |      49 |       1 |   2.0
            +---------+---------+-------+---------+---------+-------
        D:1 |      43 |       0 |   0.0 |      20 |       0 |   0.0
        D:2 |      66 |       0 |   0.0 |      13 |       0 |   0.0
        D:3 |     267 |      37 |  12.2 |      16 |       1 |   5.9
            +---------+---------+-------+---------+---------+-------
